 Dungeon Crawl Stone Soup version 0.30.0-16-gbe6223bb7e (webtiles) character file.

Game seed: 200361745939955750

9 croobank the Firebug (level 1, 0/14 HPs)
             Began as a Demigod Fire Elementalist on May 21, 2023.
             Slain by a jackal (2 damage)
             ... on level 1 of the Dungeon.
             The game lasted 00:01:34 (407 turns).

croobank the Firebug (Demigod Fire Elementalist)     Turns: 407, Time: 00:01:35

Health: 0/14       AC:  2    Str:  9    XL:     1   Next: 93%
Magic:  0/5        EV: 12    Int: 17    God:
Gold:   44         SH:  0    Dex: 14    Spells: 2/3 levels left

rFire   . . .        e - +0 dagger
rCold   . . .        (no shield)
rNeg    . . .        a - +0 robe
rPois   .            (no helmet)
rElec   .            (no cloak)
rCorr   .            (no gloves)
SInv    .            (no boots)
Will    .....        (no amulet)
Stlth   ++           (no ring)
HPRegen 0.22/turn    (no ring)
MPRegen 0.09/turn

%: no passive effects
@: no status effects
A: high MP 1, forlorn, divine attributes
a: no special abilities


You were on level 1 of the Dungeon.
You visited 1 branch of the dungeon, and saw 1 of its levels.

You collected 44 gold pieces.

Inventory:

Hand Weapons
 e - a +0 dagger (weapon)
 f - a +0 short sword
Armour
 a - a +0 robe (worn)
Scrolls
 d - a scroll of enchant armour {unknown}
Potions
 b - a potion of magic
 c - a potion of mutation {unknown}


   Skills:
 + Level 2.0 Dodging
 + Level 2.0 Stealth
 + Level 1.9 Spellcasting
 + Level 1.1 Conjurations
 + Level 2.8 Fire Magic


You had 2 spell levels left.
You knew the following spells:

 Your Spells              Type           Power      Damage    Failure   Level
a - Foxfire               Conj/Fire      32%        2x1d5     9%          1

Your spell library contained the following spells:

 Spells                   Type           Power      Damage    Failure   Level
 Scorch                   Fire           22%        2d6       10%         2
 Inner Flame              Hex/Fire       6%         N/A       32%         3
 Volatile Blastmotes      Fire/Tloc      12%        2d11      32%         3
 Flame Wave               Conj/Fire      8%         2d5       65%         4


Dungeon Overview and Level Annotations

Branches:
Dungeon (1/15)


Innate Abilities, Weirdness & Mutations

You have an increased reservoir of magic. (+10% MP)
You shall have no god before yourself.
Your divine heritage dramatically boosts your attributes as you level up.


Message History

The jackal bites you.
Found a stone staircase leading down.
The jackal closely misses you. The bat closely misses you.
You hit the jackal but do no damage.
The jackal is lightly wounded.
The bat closely misses you. The bat hits you. The jackal closely misses you.
The jackal misses you.
The jackal bites you but does no damage.
The jackal bites you.
Casting: Foxfire (safe; 9% risk of failure)
Confirm with . or Enter, or press ? or * to list all spells.
You conjure some foxfire!
The bat barely misses you. The bat hits you but does no damage.
The foxfire hits the jackal but does no damage.
The jackal is lightly wounded.
You miss the bat.
The bat is moderately wounded.
The foxfire hits the jackal.
The jackal is almost dead.
The bat misses you. The jackal bites you. The jackal barely misses you.
You hit the jackal but do no damage.
The jackal is almost dead.
The bat barely misses you.
The jackal stops to sniff the ground.
The jackal closely misses you. The jackal bites you.
Found a whip and 10 gold pieces.
The jackal barely misses you. The bat closely misses you. The jackal bites you.
* * * LOW HITPOINT WARNING * * *
The jackal bites you.
* * * LOW HITPOINT WARNING * * *
The bat barely misses you. The bat misses you.
Casting: Foxfire (safe; 9% risk of failure)
Confirm with . or Enter, or press ? or * to list all spells.
You don't have enough magic to cast this spell.
You completely miss the jackal.
The jackal is lightly wounded.
The jackal bites you.
* * * LOW HITPOINT WARNING * * *
The jackal bites you.
You die...

#.##.##########
#.##.# .....
####†### .....
#...##......
###..#$.....
..#####.#......
............>..
.######hh......
)......@b♣.....
#.####...P♣P...
##........
#......##
#.##..## #.#
### #.# ...


You could see 2 jackals and a bat.

Vanquished Creatures
  A bat (D:1)
  2 endoplasms (D:1)
  A hobgoblin (D:1)
  A jackal (D:1)
  A frilled lizard (D:1)
  2 kobolds (D:1)
8 creatures vanquished.

Vanquished Creatures (others)
  11 foxfires (D:1)
11 creatures vanquished.

Grand Total: 19 creatures vanquished

Notes
Turn   | Place    | Note
-------+----------+-------------------------------------------
     0 | D:1      | croobank the Demigod Fire Elementalist began the quest for
                  | the Orb.
     0 | D:1      | Reached XP level 1. HP: 14/14 MP: 5/5
   258 | D:1      | Reached skill level 1 in Conjurations
   407 | D:1      | Slain by a jackal

Illustrated notes

Levels and vault maps discovered:
D:1:      dpeg_cavernosity, layout_rooms, serial_shops,
          nicolae_shop_hallway_plus, basic_ecumenical_altar, serial_park_tiny_2,
          chequers_serial_rivers_small_3

Skill      XL: |  1 |
---------------+----+-----
Conjurations   | 1 |  1.1
Stealth        | 2 |  2.0
Dodging        | 2 |  2.0
Spellcasting   | |  1.9
Fire Magic     | |  2.8

Action                     || total
---------------------------++-------
  Melee: Dagger            ||    21
   Cast: Foxfire           ||    10
   Stab: Sleeping          ||     4
 Armour: Robe              ||     9
  Dodge: Dodged            ||    36
